 Dungeon Crawl Stone Soup version 0.23.2-33-g5129a83184 (webtiles) character file.

Game seed: 3890579929532961405

326 funkygono the Digger (level 6, -7/46 HPs)
             Began as a Ghoul Earth Elementalist on July 13, 2019.
             Blown up by Ijyb (17 damage)
             ... with a wand of disintegration (12)
             ... on level 3 of the Dungeon.
             The game lasted 00:09:24 (3358 turns).

funkygono the Digger (Ghoul Earth Elementalist)     Turns: 3358, Time: 00:09:25

Health: -7/46      AC:  5    Str: 12    XL:     6   Next: 49%
Magic:  3/9        EV: 12    Int: 15    God:
Gold:   159        SH:  0    Dex:  9    Spells: 7/11 levels left

rFire    . . .     SeeInvis .     - Unarmed
rCold    + . .     Gourm    .   (no shield)
rNeg     + + +     Faith    .   c - +1 robe
rPois    ∞         Spirit   .   (no helmet)
rElec    .         Reflect  .   (no cloak)
rCorr    .         Harm     .   l - +1 pair of gloves
MR       .....                  (no boots)
Stlth    +.........             (no amulet)
HPRegen  0.00/turn              a - +3 ring of intelligence
MPRegen  0.11/turn              (no ring)

@: confused, very slightly contaminated, rotting
A: rotting body, claws 1, carnivore, cold resistance 1, negative energy
resistance 3, inhibited regeneration, torment resistance, unbreathing
a: no special abilities


You were on level 3 of the Dungeon.
You were not hungry.

You visited 1 branch of the dungeon, and saw 3 of its levels.

You collected 159 gold pieces.

Inventory:

Missiles
 b - 12 stones (quivered)
Armour
 c - a +1 robe (worn)
 l - a +1 pair of gloves (worn)
Jewellery
 a - a +3 ring of intelligence (left hand)
Scrolls
 f - a scroll of blinking
 i - a scroll of teleportation
 n - 2 scrolls of magic mapping
 o - 3 scrolls of remove curse
 q - a scroll of fear
Potions
 e - a potion of heal wounds {unknown}
 g - 3 potions of curing {unknown}
 h - a potion of ambrosia
 j - a potion of degeneration {unknown}
 k - 2 potions of mutation {unknown}
 m - a potion of lignification {unknown}
 p - a potion of cancellation {unknown}
 r - a potion of might {unknown}
Comestibles
 d - 8 rations
 s - a chunk of flesh


   Skills:
 + Level 0.4 Fighting
 + Level 2.3 Dodging
 + Level 3.2 Stealth
 + Level 2.5 Unarmed Combat
 + Level 3.3 Spellcasting
 + Level 1.3 Conjurations
   Level 0.8 Transmutations
 + Level 4.6 Earth Magic


You had 7 spell levels left.
You knew the following spells:

 Your Spells              Type           Power        Failure   Level  Hunger
a - Sandblast             Erth           ###...       2%          1    None
b - Stone Arrow           Conj/Erth      ##....       17%         3    ###....

Your spell library contained the following spells:

 Spells                   Type           Power        Failure   Level  Hunger
 Passwall                 Tmut/Erth      ##......     10%         2    ##.....
 Petrify                  Tmut/Erth      ##......     52%         4    ####...
 Lee's Rapid Deconstruct  Erth           ###.......   61%         5    ######.


Dungeon Overview and Level Annotations

Branches:
Dungeon (3/15)

Altars:
Ashenzari
Nemelex Xobeh
Sif Muna
Vehumet
Xom

Annotations:
D:3 Ijyb


Innate Abilities, Weirdness & Mutations

Your body is rotting away.
You thrive on raw meat.
You are immune to poison.
You have sharp fingernails.
You are carnivorous and can eat meat at any time.
Your flesh is cold resistant. (rC+)
You are immune to negative energy. (rN+++)
You do not regenerate when monsters are visible.
You are immune to unholy pain and torment.
You can survive without breathing.


Message History

Ijyb is moderately wounded.
Ijyb hits you with a +0 dagger.
You closely miss Ijyb.
Ijyb is moderately wounded.
You barely miss Ijyb.
Ijyb is moderately wounded.
Ijyb barely misses you.
Casting: Sandblast (safe; 2% risk of failure)
Confirm with . or Enter, or press ? or * to list all spells.
Aiming: Sandblast (safe; 2% risk of failure)
Press: ? - help, Shift-Dir - straight line, f/p - Ijyb
Aim: Ijyb, wielding a +0 dagger, wearing a +0 chain mail and carrying a wand of disintegration (13) (moderately wounded)
The blast of sand hits Ijyb!
Ijyb is heavily wounded.
b - 12 stones Ijyb zaps a wand.
You are blasted!
* * * LOW HITPOINT WARNING * * *
You are confused.
You feel invigorated.
Ijyb zaps a wand.
You are blasted!
You die...

######.###.##.# #.# #.#
.# # #.###.# .# #.
###.##..# .# # ##'#
#......## .# ##...#
#.#.##.# .# ##.....##
#.#<##.###.#
#.......###.#........#
......g@.##.#....#######
.........'..............
.>.......##......#######
#.......######.###
##.....## #.# ##...# #.#
##'# #.# #. #.# # #.#


You could see Ijyb.

Vanquished Creatures
  Grinder (D:3)
  An iguana (D:3)
  3 gnolls (D:3)
  An adder (D:2)
  3 worms
  2 dart slugs (D:3)
  4 leopard geckos
  4 giant cockroaches
  10 hobgoblins
  2 jackals (D:3)
  6 kobolds
  3 ball pythons
  4 bats
  4 frilled lizards
  7 goblins
  4 rats
59 creatures vanquished.

Notes
Turn   | Place    | Note
-------+----------+-------------------------------------------
     0 | D:1      | funkygono the Ghoul Earth Elementalist began the quest for
                  | the Orb.
     0 | D:1      | Reached XP level 1. HP: 14/14 MP: 2/2
   205 | D:1      | Reached XP level 2. HP: 13/20 MP: 0/4
   589 | D:1      | Found a sparkling altar of Nemelex Xobeh.
   596 | D:1      | Reached XP level 3. HP: 26/26 MP: 0/5
   761 | D:2      | Learned a level 3 spell: Stone Arrow
   788 | D:2      | Found a radiant altar of Vehumet.
   789 | D:2      | Found a deep blue altar of Sif Muna.
   790 | D:2      | Found a shattered altar of Ashenzari.
  1602 | D:2      | Found a shattered altar of Ashenzari.
  1604 | D:2      | Found a deep blue altar of Sif Muna.
  1604 | D:2      | Found a shimmering altar of Xom.
  1606 | D:2      | Found a shattered altar of Ashenzari.
  1606 | D:2      | Found a sparkling altar of Nemelex Xobeh.
  1606 | D:2      | Found a white marble altar of Elyvilon.
  1948 | D:3      | Reached skill level 4 in Earth Magic
  2047 | D:3      | Reached skill level 1 in Unarmed Combat
  2047 | D:3      | Reached XP level 4. HP: 32/33 MP: 0/7
  2424 | D:3      | Reached skill level 1 in Conjurations
  2753 | D:3      | Reached XP level 5. HP: 30/38 MP: 2/8
  2886 | D:3      | Noticed Grinder
  2914 | D:3      | Killed Grinder
  2914 | D:3      | Reached XP level 6. HP: 19/46 MP: 0/9
  3226 | D:3      | Found a sparkling altar of Nemelex Xobeh.
  3345 | D:3      | Noticed Ijyb
  3358 | D:3      | Blown up by Ijyb

Skill      XL: |  1  2  3  4  5 |
---------------+----------------+-----
Spellcasting   | 2 3 |  3.3
Dodging        | 2 |  2.3
Earth Magic    | 4 |  4.6
Unarmed Combat | 1 2 |  2.5
Conjurations   | 1 |  1.3
Stealth        | 3 |  3.2
Fighting       | |  0.4
Transmutations | |  0.8

Action                   |  1- 3 |  4- 6 || total
-------------------------+-------+-------++-------
Melee: Unarmed           |    69 |    53 ||   122
       Punch             |       |     1 ||     1
 Cast: Sandblast         |    29 |    11 ||    40
       Stone Arrow       |    14 |    20 ||    34
  Use: Scroll            |     8 |       ||     8
       Potion            |       |     1 ||     1
  Eat: Chunk             |     7 |     5 ||    12
       Ration            |       |     1 ||     1
Armor: Robe              |     6 |     8 ||    14
Dodge: Dodged            |    41 |    36 ||    77
